 Dungeon Crawl Stone Soup version 0.22-a0-422-g9628fc8 (webtiles) character file.

60 tilp the Chiller (level 4, -2/30 HPs)
             Began as a Merfolk Ice Elementalist on May 22, 2018.
             Slain by a goblin
             ... wielding a +0 club
             ... led by Robin
              (9 damage)
             ... on level 2 of the Dungeon.
             The game lasted 00:05:01 (2494 turns).

tilp the Chiller (Merfolk Ice Elementalist)         Turns: 2494, Time: 00:05:02

Health: -2/30      AC:  2    Str: 13    XL:     4   Next: 6%
Magic:  2/7        EV: 13    Int: 15    God:
Gold:   42         SH:  0    Dex: 14    Spells: 1/7 levels left

rFire    . . .     SeeInvis .   m - +0 war axe
rCold    . . .     Gourm    .   (no shield)
rNeg     . . .     Faith    .   a - +0 robe
rPois    .         Spirit   .   (no helmet)
rElec    .         Reflect  .   (no cloak)
rCorr    .         Harm     .   (no gloves)
MR       .....                  (no boots)
Stlth    ++........             (no amulet)
HPRegen  0.10/turn              (no ring)
MPRegen  0.10/turn              (no ring)

@: mighty
A: change form in water, swift swim, stealthy swim
a: no special abilities


You were on level 2 of the Dungeon.
You were not hungry.

You visited 1 branch of the dungeon, and saw 3 of its levels.

You collected 42 gold pieces.

Inventory:

Hand Weapons
 j - a +0 hand axe
 m - a +0 war axe (weapon)
Missiles
 i - 5 stones (quivered)
Armour
 a - a +0 robe (worn)
Jewellery
 l - an uncursed ring of fire {unknown}
 o - an uncursed amulet of rage {unknown}
Scrolls
 g - a scroll of immolation {unknown}
 k - 2 scrolls of identify {unknown}
 n - a scroll of enchant armour {unknown}
Potions
 b - a potion of magic {unknown}
 d - a potion of mutation {unknown}
 e - a potion of brilliance {unknown}
 f - 2 potions of might
 h - a potion of invisibility {unknown}
Comestibles
 c - 4 rations


   Skills:
 - Level 2.6 Dodging
 - Level 2.1 Stealth
 - Level 2.0 Spellcasting
 - Level 0.7 Conjurations
 + Level 5.3 Ice Magic


You had one spell level left.
You knew the following spells:

 Your Spells              Type           Power        Failure   Level  Hunger
a - Freeze                Ice            ###.         2%          1    #......
b - Throw Frost           Conj/Ice       ##....       10%         2    ###....
c - Ozocubu's Armour      Chrm/Ice       #.......     22%         3    ###....

Your spell library contained the following spells:

 Spells                   Type           Power        Failure   Level  Hunger
 Summon Ice Beast         Ice/Summ       #.......     58%         4    #####..
 Throw Icicle             Conj/Ice       ##......     54%         4    #####..


Dungeon Overview and Level Annotations

Branches:
Dungeon (3/15)

Altars:
Fedhas
The Shining One

Annotations:
D:2 exclusion: ice beast
D:3 Grinder; Robin; p0werm0de's ghost, weakling DDFi


Message History

You hear a shout! x2
You hear a shout!
The goblin closely misses you. x2; The goblin hits you but does no damage.
P0werm0de's ghost barely misses you.
You climb upwards.
Level annotation: exclusion: ice beast
There is a stone staircase leading down here.
Your icy armour cracks and falls away as you move.
The goblin hits you with a club.
* * * LOW HITPOINT WARNING * * *
There is an open door here.
Unknown command.
You feel very mighty all of a sudden. The goblin misses you.
You barely miss the goblin. The goblin barely misses you.
The goblin closely misses you.
You slash the goblin!
You kill the goblin!
You closely miss the goblin. The goblin hits you with a club!
You die...

#.# ##.##.<..... #.#
#.##.#####. ##.#
#.##....... #..#
##'######### #.## ##...##
# #.#### ##.<...## #
#.##.## ##.......## ##
#.#...####>........####.
#......@gg.........'....
#.#...####.........####.
#.##.## ##.......## #..
#.##..# ##.....## #.#
##.###.## ##...## #..
#..##...## ##'## ###
#.##.....## #.#########
#.#.......### #.#.......#
#....._.....###.#.......#


You could see 2 goblins.

Vanquished Creatures
  2 adders (D:2)
  An ooze (D:2)
  A worm (D:2)
  A dart slug (D:2)
  3 leopard geckos
  3 bats
  2 giant cockroaches (D:2)
  2 goblins (D:2)
  5 hobgoblins
  5 frilled lizards
  3 kobolds (D:1)
  3 rats
31 creatures vanquished.

Notes
Turn   | Place    | Note
-------+----------+-------------------------------------------
     0 | D:1      | tilp the Merfolk Ice Elementalist began the quest for the Orb.
     0 | D:1      | Reached XP level 1. HP: 13/13 MP: 3/3
   258 | D:1      | Reached XP level 2. HP: 19/19 MP: 1/5
   259 | D:1      | Reached skill level 4 in Ice Magic
   818 | D:2      | Found a glowing golden altar of the Shining One.
   851 | D:2      | Reached XP level 3. HP: 18/24 MP: 2/6
  1150 | D:2      | Noticed an ice beast
  1423 | D:2      | Reached skill level 5 in Ice Magic
  1437 | D:2      | Learned a level 2 spell: Throw Frost
  1441 | D:2      | Learned a level 3 spell: Ozocubu's Armour
  1686 | D:2      | Found a blossoming altar of Fedhas.
  2047 | D:2      | Reached XP level 4. HP: 24/30 MP: 7/7
  2437 | D:3      | Noticed Grinder
  2437 | D:3      | Noticed p0werm0de's ghost (weakling DDFi)
  2482 | D:3      | Noticed Robin
  2494 | D:2      | Slain by a goblin

Vault maps used:
D:1:      elethiomel_arrival_maze
D:2:      lemuel_upstairs_altar, lemuel_round_altar, lemuel_round_altar,
          minmay_misc_feat_columns
D:3:      old_standard_altar, bloody_trog, uniq_grinder, uniq_terence,
          uniq_robin

Skill      XL: |  1  2  3 |
---------------+----------+-----
Ice Magic      | 4 5 |  5.3
Dodging        | |  2.6
Stealth        | |  2.1
Spellcasting   | |  2.0
Conjurations   | |  0.7

Action                   |  1- 3 |  4- 6 || total
-------------------------+-------+-------++-------
Melee: Unarmed           |     5 |       ||     5
       Hand axe          |    11 |       ||    11
       War axe           |    13 |     4 ||    17
 Cast: Freeze            |    41 |     4 ||    45
       Ozocubu's Armour  |       |     2 ||     2
  Use: Potion            |       |     1 ||     1
 Stab: Distracted        |     1 |       ||     1
       Sleeping          |     1 |       ||     1
  Eat: Chunk             |     3 |       ||     3
       Ration            |       |     1 ||     1
Armor: Robe              |     6 |     6 ||    12
Dodge: Dodged            |    39 |    12 ||    51

Table legend:
 A = Spawn XP
 B = Non-spawn XP
 C = Spawn XP percentage of total XP
 D = Spawn monster count
 E = Non-spawn monster count
 F = Spawn count percentage of total count
 G = Total turns spent on level
                    A         B        C        D         E        F      G
               +---------+---------+-------+---------+---------+-------+---------
         Total |       0 |      87 |   0.0 |       0 |      31 |   0.0 |  2494
               +---------+---------+-------+---------+---------+-------+---------
           D:1 |       0 |      23 |   0.0 |       0 |      13 |   0.0 |   778
           D:2 |       0 |      63 |   0.0 |       0 |      17 |   0.0 |  1707
           D:3 |       0 |       1 |   0.0 |       0 |       1 |   0.0 |     9
               +---------+---------+-------+---------+---------+-------+---------
